 Dungeon Crawl Stone Soup version 0.20.1-1-g8b1a95d (webtiles) character file.

34699 seb29deBrest the Severer (level 13, -2/122 HPs)
             Began as a Hill Orc Fighter on Nov 10, 2017.
             Was a High Priest of Nemelex Xobeh.
             Slain by a merfolk
             ... wielding a +0 trident
              (12 damage)
             ... on level 2 of the Shoals.
             The game lasted 02:17:33 (19971 turns).

seb29deBrest the Severer (Hill Orc Fighter)        Turns: 19971, Time: 02:17:35

Health: -2/122     AC: 10    Str: 24    XL:     13   Next: 79%
Magic:  0/28       EV: 11    Int:  8    God:    Nemelex Xobeh [*****.]
Gold:   710        SH: 18    Dex: 12    Spells: 12/12 levels left

rFire    . . .     SeeInvis .   a - +3 war axe (flame)
rCold    + . .     Gourm    .   C - +0 large shield
rNeg     . . .     Faith    .   X - +2 troll leather armour
rPois    .         Spirit   +   H - +0 hat {MR+}
rElec    .         Reflect  .   (no cloak)
rCorr    .         Harm     .   (no gloves)
MR       +....                  l - +0 pair of boots
Stlth    ++........             i - amulet of guardian spirit
Regen    0.7/turn               F - +2 ring of dexterity
MPRegen  0.3/turn               x - ring of magical power

@: studying Hexes
A: icy blue scales 1, cold resistance 1, wild magic 1
a: Triple Draw, Deal Four, Stack Five, Renounce Religion


You were on level 2 of the Shoals.
You worshipped Nemelex Xobeh.
Nemelex Xobeh was extremely pleased with you.
You were full.

You visited 3 branches of the dungeon, and saw 17 of its levels.

You collected 1001 gold pieces.
You spent 291 gold pieces at shops.

Inventory:

Hand Weapons
 a - a +3 war axe of flaming (weapon)
Armour
 b - a +0 ring mail of poison resistance
 l - a +0 pair of boots (worn)
 v - a +1 leather armour of positive energy
 C - a +0 large shield (worn)
 H - a +0 hat of magic resistance (worn)
 X - a +2 troll leather armour (worn)
Jewellery
 c - an uncursed ring of flight
 i - an amulet of guardian spirit (around neck)
 k - an uncursed ring of resist corrosion
 x - a ring of magical power (right hand)
 F - a +2 ring of dexterity (left hand)
Wands
 w - a wand of lightning (8/15)
 y - a wand of iceblast (4/15)
 G - a wand of acid (15/15)
 K - a wand of flame (38/48)
 M - a wand of confusion (48/48)
 Q - a wand of digging (5/24)
 Y - a wand of clouds (3/9)
Scrolls
 h - 4 scrolls of blinking
 j - 10 scrolls of remove curse
 n - a scroll of identify
 t - 2 scrolls of magic mapping
 u - 8 scrolls of teleportation
 E - a scroll of torment {unknown}
 P - a scroll of holy word
 R - 3 scrolls of fog
 T - a scroll of fear
Potions
 d - 2 potions of agility
 e - 2 potions of curing
 r - 3 potions of magic
 D - 2 potions of degeneration
 I - 2 potions of berserk rage
 L - a potion of brilliance
 O - 2 potions of might
 S - a potion of mutation
Books
 p - a manual of Hexes
 B - a book of Air

   Spells                             Type                      Level
   a - Shock                          Conjuration/Air              1
   b - Swiftness                      Charms/Air                   2
   c - Static Discharge               Conjuration/Air              3
   d - Airstrike                      Air                          4
   e - Lightning Bolt                 Conjuration/Air              5
Miscellaneous
 o - a plain deck of escape
 s - a plain deck of summoning
 z - a plain deck of destruction {drawn: 1}
 J - a plain deck of escape {drawn: 6}
 N - a plain deck of destruction {drawn: 4}
 W - a legendary deck of summoning
 Z - a plain deck of destruction
Comestibles
 f - 12 bread rations
 g - 4 meat rations
 m - 5 fruits
 q - 17 royal jellies


   Skills:
 * Level 13.2 Fighting
 * Level 17.4 Axes
 + Level 7.9 Armour
 + Level 5.3 Dodging
 + Level 2.6 Stealth
 + Level 9.8 Shields
 * Level 8.2 Invocations
 * Level 4.4 Evocations


You had 12 spell levels left.
You didn't know any spells.

Dungeon Overview and Level Annotations

Branches:
Dungeon (11/15)            Temple (0/1) D:5            Lair (4/6) D:11
 Shoals (2/4) Lair:4       Spider (0/4) Lair:2
    Orc: D:9-12

Altars:
Ashenzari
Elyvilon
Fedhas
Gozag
Hepliaklqana
Nemelex Xobeh
Qazlal
Ru
Sif Muna
Trog
Zin
The Shining One

Shops:
D:5 *   D:8 =

Annotations:
Lair:2 exclusion: oklob plant


Innate Abilities, Weirdness & Mutations

You are partially covered in icy blue scales. (AC +2)
Your flesh is cold resistant. (rC+)
Your spells are a little harder to cast, but a little more powerful.


Message History

The manticore bites you.
* * * LOW HITPOINT WARNING * * *
You block the manticore's attack. The manticore claws you!
* * * LOW HITPOINT WARNING * * *
Evoke which item? (* to show all) (? for menu, Esc to quit)
You draw a card...
It is the Tomb.
Walls emerge from the floor!
You block the manticore's attack. x3
You draw a card...
It is Velocity.
The manticore seems to speed up.
The merfolk seems to speed up.
You block the manticore's attack. The manticore closely misses you.
The manticore claws you but does no damage.
The merfolk hits you from afar with a trident!
* * * LOW HITPOINT WARNING * * *
You feel better. The manticore bites you.
* * * LOW HITPOINT WARNING * * *
You block the manticore's attack. The manticore claws you!
* * * LOW HITPOINT WARNING * * *
The merfolk hits you from afar with a trident!
You die...
Your body glows slightly and disappears.

≈≈≈≈≈≈≈≈≈≈≈≈≈≈≈
≈≈≈≈≈≈≈≈≈≈≈≈≈≈≈
≈≈≈≈≈≈≈≈≈≈≈≈≈≈≈
≈≈≈≈≈≈≈≈.....≈≈≈
≈≈≈≈≈≈≈≈.....≈≈≈
≈≈≈≈≈≈≈m≈≈≈..≈≈≈
≈≈≈≈≈≈#H#≈≈..≈≈≈
≈≈≈≈≈≈#@#≈..≈≈≈
≈≈≈≈.≈###...≈≈≈
≈≈≈.......#.≈≈≈
≈≈...##.$## ...
≈$... #### .
≈... ≈≈. ≈≈.


You could see a merfolk and a manticore.

Vanquished Creatures
  A merfolk avatar (Shoals:1)
  5 two-headed ogres
  A death yak (D:11)
  Urug (D:10)
  The ghost of plantmann the Basher, a novice GrFi of Okawaru (D:8)
  3 sea snakes
  7 harpies (Shoals:1)
  An ugly thing (D:8)
  3 fauns (Shoals:1)
  A merfolk siren (Shoals:1)
  A black mamba (Lair:2)
  6 spiny frogs
  4 komodo dragons (Lair:1)
  2 rime drakes
  A queen bee (Lair:1)
  A jumping spider (Lair:3)
  A troll (D:9)
  2 merfolk (Shoals:1)
  A polar bear (Lair:2)
  Grinder (D:5)
  6 blink frogs
  7 hippogriffs
  A spriggan (D:7)
  A shadow (D:11)
  A wraith (D:10)
  2 redbacks (Lair:2)
  13 yaks
  3 hungry ghosts
  2 basilisks
  Eustachio (D:4)
  7 water moccasins
  3 porcupines
  2 ice beasts
  3 phantoms
  6 ogres
  3 black bears
  3 centaurs
  12 wolves (Lair:2)
  6 crocodiles
  Blork the orc (D:5)
  A big kobold (D:8)
  12 bullfrogs
  A wyvern skeleton (D:10)
  A water moccasin skeleton (D:9)
  4 scorpions
  14 killer bees
  4 wights (D:5)
  An electric eel (Lair:1)
  5 howler monkeys
  2 crimson imps
  A bullfrog zombie (D:6)
  3 hounds
  A gnoll shaman (D:10)
  3 jellies
  6 orc priests
  10 orc wizards
  Jessica (D:3)
  2 centaur skeletons (D:10)
  3 iguanas
  A hell rat (D:11)
  4 worker ants
  A hound zombie (D:7)
  3 hound skeletons
  3 gnolls (D:10)
  14 adders
  2 river rats (D:11)
  2 shadow imps
  An ooze (D:6)
  An adder zombie (D:5)
  4 worms
  4 dart slugs
  4 leopard geckos
  28 orcs
  3 giant cockroaches
  3 goblins
  8 hobgoblins
  11 jackals
  4 kobolds
  5 quokkas
  2 ball pythons
  7 bats
  2 frilled lizards
  A quokka zombie (D:8)
  20 rats
  A bush (Lair:3)
  A fungus (Lair:1)
342 creatures vanquished.

Vanquished Creatures (collateral kills)
  A hydra (Lair:3)
  2 two-headed ogres (D:8)
  2 death yaks (D:11)
  2 harpies (Shoals:1)
  2 manticores (Shoals:1)
  Psyche (D:10)
  A spiny frog (Lair:2)
  A komodo dragon (Lair:3)
  A jumping spider (Lair:2)
  2 merfolk (Shoals:1)
  3 blink frogs (Lair:3)
  A snapping turtle (Shoals:1)
  Sigmund (D:6)
  A redback (Lair:2)
  A wyvern (Lair:3)
  5 yaks
  A porcupine (Lair:1)
  A water moccasin (D:7)
  2 crocodiles
  2 killer bees (D:10)
  An orc wizard (D:6)
  A hell rat (D:11)
  A hound zombie (D:6)
  2 orcs
  2 kobolds (D:8)
  A quokka (D:7)
  A leopard gecko skeleton (D:9)
42 creatures vanquished.

Vanquished Creatures (others)
  A boggart (Lair:1)
  2 hounds (Lair:1)
  2 jellies (Lair:1)
  A worker ant (Lair:1)
  An adder (Lair:1)
  3 gnolls (Lair:1)
  2 river rats (Lair:1)
  An ooze (Lair:1)
  A bush (Lair:3)
  9 fungi
  3 plants (Lair:2)
26 creatures vanquished.

Grand Total: 410 creatures vanquished

Notes
Turn   | Place    | Note
-------+----------+-------------------------------------------
     0 | D:1      | seb29deBrest the Hill Orc Fighter began the quest for the Orb.
     0 | D:1      | Reached XP level 1. HP: 19/19 MP: 1/1
    23 | D:1      | Reached skill level 3 in Axes
    49 | D:1      | Reached XP level 2. HP: 24/27 MP: 2/2
   310 | D:1      | Reached XP level 3. HP: 27/33 MP: 3/3
  1088 | D:2      | Reached skill level 4 in Axes
  1115 | D:2      | Found an opulent altar of Gozag.
  1116 | D:2      | Found a sparkling altar of Nemelex Xobeh.
  1136 | D:2      | Became a worshipper of Nemelex Xobeh the Trickster
  1166 | D:2      | Received a gift from Nemelex Xobeh
  1234 | D:2      | Reached XP level 4. HP: 36/40 MP: 4/4
  1450 | D:2      | Found a blossoming altar of Fedhas.
  1460 | D:2      | Found a stormy altar of Qazlal.
  1794 | D:3      | Reached skill level 5 in Axes
  1805 | D:3      | Reached XP level 5. HP: 31/47 MP: 5/5
  2075 | D:3      | Received a gift from Nemelex Xobeh
  2147 | D:3      | Reached * piety under Nemelex Xobeh
  2283 | D:3      | Noticed Jessica
  2294 | D:3      | Killed Jessica
  2294 | D:3      | Reached skill level 6 in Axes
  2470 | D:3      | Reached XP level 6. HP: 55/55 MP: 6/6
  2743 | D:3      | Found a glowing golden altar of the Shining One.
  2843 | D:3      | Found a white marble altar of Elyvilon.
  2843 | D:3      | Found a glowing silver altar of Zin.
  2843 | D:3      | Found a glowing golden altar of the Shining One.
  3142 | D:4      | Noticed Eustachio
  3167 | D:4      | Killed Eustachio
  3167 | D:4      | Reached skill level 5 in Fighting
  3167 | D:4      | Reached skill level 1 in Dodging
  3188 | D:4      | Reached skill level 7 in Axes
  3350 | D:4      | Received a gift from Nemelex Xobeh
  3387 | D:4      | You fall through a shaft for 2 floors!
  3411 | D:6      | Noticed a phantom
  3430 | D:6      | Killed a phantom
  3430 | D:6      | Reached XP level 7. HP: 55/61 MP: 7/7
  3441 | D:5      | Entered Level 5 of the Dungeon
  3441 | D:5      | Noticed Blork the orc
  3457 | D:4      | Reached skill level 8 in Axes
  3568 | D:4      | Reached ** piety under Nemelex Xobeh
  4190 | D:5      | Found Tatoroeg's Assorted Antiques.
  4194 | D:5      | Bought a worn bone wand for 108 gold pieces
  4194 | D:5      | Bought a scroll labeled DEJEECABEPN for 27 gold pieces
  4194 | D:5      | Bought a scroll labeled DEJEECABEPN for 27 gold pieces
  4194 | D:5      | Bought a scroll labeled DEJEECABEPN for 27 gold pieces
  4194 | D:5      | Bought a scroll labeled GAUMEV VOSOCVA for 27 gold pieces
  4194 | D:5      | Bought a scroll labeled QEXKUBL IHIYMP for 27 gold pieces
  4194 | D:5      | Bought 2 red potions for 48 gold pieces
  4441 | D:5      | Killed Blork the orc
  4534 | D:5      | Reached XP level 8. HP: 65/70 MP: 8/8
  4540 | D:5      | Reached skill level 9 in Axes
  4561 | D:5      | Received a gift from Nemelex Xobeh
  4625 | D:5      | Noticed Grinder
  4643 | D:5      | Killed Grinder
  4775 | D:5      | Found a staircase to the Ecumenical Temple.
  5199 | D:6      | Reached skill level 10 in Axes
  5377 | D:6      | Reached skill level 5 in Armour
  5478 | D:6      | Received a gift from Nemelex Xobeh
  5884 | D:6      | Noticed Sigmund
  5891 | D:6      | Killed Sigmund
  5891 | D:6      | Reached skill level 11 in Axes
  5891 | D:6      | Reached XP level 9. HP: 71/78 MP: 7/9
  5969 | D:6      | Noticed Duvessa
  5970 | D:6      | Noticed Dowan
  5985 | D:6      | Noticed Duvessa
  5985 | D:6      | Duvessa changed into Duvessa the porcupine
  5985 | D:6      | Noticed Dowan
  5985 | D:6      | Dowan changed into Dowan the ooze
  5988 | D:6      | Killed Dowan the ooze
  5993 | D:6      | Killed Duvessa the porcupine
  5993 | D:6      | Reached skill level 1 in Invocations
  6483 | D:6      | Reached skill level 5 in Shields
  7033 | D:7      | Found a bloodstained altar of Trog.
  7055 | D:7      | Reached skill level 12 in Axes
  7503 | D:7      | Reached *** piety under Nemelex Xobeh
  7881 | D:7      | Reached XP level 10. HP: 58/88 MP: 7/11
  8308 | D:8      | Received a gift from Nemelex Xobeh
  8309 | D:8      | Noticed a two-headed ogre
  8325 | D:8      | Killed a two-headed ogre
  8325 | D:8      | Reached skill level 13 in Axes
  8456 | D:8      | Found a hazy altar of Hepliaklqana.
  8497 | D:8      | Noticed a two-headed ogre
  8533 | D:8      | Killed a two-headed ogre
  8579 | D:8      | Noticed a two-headed ogre
  8588 | D:8      | Killed a two-headed ogre
  8588 | D:8      | Reached skill level 1 in Stealth
  8933 | D:8      | Noticed a brown ugly thing
  8954 | D:8      | Killed a brown ugly thing
  8954 | D:8      | Reached skill level 14 in Axes
  9283 | D:8      | Found Pogeghak's Jewellery Shop.
  9334 | D:8      | Noticed plantmann's ghost (novice GrFi)
  9349 | D:8      | Killed plantmann's ghost
  9616 | D:9      | Received a gift from Nemelex Xobeh
  9661 | D:9      | Reached XP level 11. HP: 91/97 MP: 12/12
  9737 | D:9      | Found a deep blue altar of Sif Muna.
  9739 | D:9      | Found a shattered altar of Ashenzari.
 10082 | D:9      | Noticed a two-headed ogre
 10094 | D:9      | Killed a two-headed ogre
 10138 | D:9      | Found a sacrificial altar of Ru.
 10453 | D:9      | Reached **** piety under Nemelex Xobeh
 10566 | D:10     | Entered Level 10 of the Dungeon
 10571 | D:10     | Reached skill level 15 in Axes
 10585 | D:10     | Noticed Psyche
 10603 | D:10     | Killed Psyche
 10652 | D:10     | Received a gift from Nemelex Xobeh
 10788 | D:10     | Reached skill level 10 in Fighting
 10801 | D:10     | Noticed a two-headed ogre
 10822 | D:10     | Killed a two-headed ogre
 10886 | D:10     | Identified a scroll of acquirement
 10951 | D:10     | Noticed a two-headed ogre
 10960 | D:10     | Killed a two-headed ogre
 11044 | D:10     | Noticed a two-headed ogre
 11062 | D:10     | Killed a two-headed ogre
 11368 | D:10     | Noticed Urug
 11391 | D:10     | Killed Urug
 11744 | D:11     | Noticed a death yak
 11769 | D:11     | Received a gift from Nemelex Xobeh
 11926 | D:11     | Noticed a death yak
 11934 | D:11     | Noticed a death yak
 11955 | D:11     | Killed a death yak
 11966 | D:11     | Killed a death yak
 11966 | D:11     | Reached skill level 16 in Axes
 11966 | D:11     | Reached XP level 12. HP: 37/108 MP: 4/15
 11974 | D:11     | Killed a death yak
 12303 | D:11     | Found a staircase to the Lair.
 12335 | Lair:1   | Entered Level 1 of the Lair of Beasts
 12433 | Lair:1   | Reached skill level 5 in Invocations
 12593 | Lair:1   | Reached ***** piety under Nemelex Xobeh
 13211 | Lair:1   | Reached skill level 1 in Evocations
 13990 | Lair:1   | Received a gift from Nemelex Xobeh
 15092 | Lair:2   | Received a gift from Nemelex Xobeh
 16552 | Lair:2   | Found a hole to the Spider Nest.
 16874 | Lair:2   | Reached XP level 13. HP: 83/118 MP: 12/17
 17456 | Lair:3   | Reached skill level 5 in Dodging
 18051 | Lair:3   | Reached skill level 17 in Axes
 18213 | Lair:3   | Gained mutation: Your flesh is cold resistant. (rC+) [potion of mutation]
 18213 | Lair:3   | Gained mutation: Your spells are a little harder to cast, but a little more powerful. [potion of mutation]
 18213 | Lair:3   | Gained mutation: You are partially covered in icy blue scales. (AC +2) [potion of mutation]
 18598 | Lair:3   | Received a gift from Nemelex Xobeh
 18901 | Lair:4   | Found a staircase to the Shoals.
 18927 | Shoals:1 | Entered Level 1 of the Shoals
 19621 | Shoals:1 | Received a gift from Nemelex Xobeh
 19882 | Shoals:1 | Received a gift from Nemelex Xobeh
 19971 | Shoals:2 | Slain by a merfolk

Skill      XL: |  1  2  3  4  5  6  7  8  9 10 11 12 13 |
---------------+----------------------------------------+-----
Axes           | 3 4 5 6 7 8 11 12 14 16 17 | 17.4
Fighting       | 4 5 6 8 9 10 12 13 | 13.2
Dodging        | 1 2 3 4 5 |  5.3
Shields        | 4 6 7 8 9 |  9.8
Armour         | 4 5 6 7 |  7.9
Invocations    | 1 2 4 6 8 |  8.2
Stealth        | 1 2 |  2.6
Evocations     | 2 4 |  4.4

Action                   |  1- 3 |  4- 6 |  7- 9 | 10-12 | 13-15 || total
-------------------------+-------+-------+-------+-------+-------++-------
Melee: War axe           |   115 |   154 |   330 |   709 |   303 ||  1611
Invok: Triple Draw       |       |       |       |     1 |       ||     1
Evoke: Deck              |       |     1 |     6 |    24 |    13 ||    44
       Wand              |       |       |       |     8 |       ||     8
  Use: Scroll            |     1 |     4 |     7 |    14 |    10 ||    36
       Potion            |     1 |     2 |     4 |     6 |     8 ||    21
 Stab: Distracted        |       |       |       |     2 |       ||     2
       Sleeping          |       |       |       |     1 |     1 ||     2
       Paralysed         |       |       |       |     1 |       ||     1
       Confused          |       |       |       |     2 |       ||     2
  Eat: Chunk             |     1 |     2 |     5 |     4 |     4 ||    16
       Bread ration      |       |     1 |     1 |     3 |       ||     5
       Meat ration       |       |       |     2 |     2 |     1 ||     5
       Royal jelly       |       |       |     1 |     1 |     1 ||     3
       Fruit             |       |       |     1 |     1 |       ||     2
Armor: Scale mail        |    57 |    44 |   100 |    43 |       ||   244
       Troll leather arm |       |       |       |    26 |    50 ||    76
       Leather armour    |       |       |       |    45 |     4 ||    49
Dodge: Dodged            |    42 |    43 |    85 |   244 |   105 ||   519
Block: Shield            |    54 |    78 |   145 |   326 |    19 ||   622
       Large shield      |       |       |       |       |   242 ||   242
